 Dungeon Crawl Stone Soup version 0.26.0-45-g9c1d065592 (webtiles) character file.

Game seed: 2546020350602756236

69 sahdkjhfkaj the Magician (level 4, -1/24 HPs)
             Began as a Deep Elf Earth Elementalist on Jan 28, 2021.
             Slain by a leopard gecko (3 damage)
             ... on level 2 of the Dungeon.
             The game lasted 00:01:52 (1868 turns).

sahdkjhfkaj the Magician (DEEE)                     Turns: 1868, Time: 00:01:54

Health: -1/24      AC:  2    Str:  5    XL:     4   Next: 2%
Magic:  1/12       EV: 13    Int: 21    God:
Gold:   51         SH:  0    Dex: 15    Spells: 7/11 levels left

rFire    . . .     SeeInvis .   (no weapon)
rCold    . . .     Faith    .   (no shield)
rNeg     . . .     Spirit   .   c - +0 robe
rPois    .         Reflect  .   (no helmet)
rElec    .         Harm     .   (no cloak)
rCorr    .         Rampage  .   (no gloves)
Will     .....                  (no boots)
Stlth    ++........             (no amulet)
HPRegen  0.08/turn              (no ring)
MPRegen  0.13/turn              (no ring)

@: no status effects
A: no striking features
a: no special abilities


You were on level 2 of the Dungeon.
You visited 1 branch of the dungeon, and saw 2 of its levels.

You collected 51 gold pieces.

Inventory:

Missiles
 b - 45 stones (quivered)
Armour
 c - a +0 robe (worn)
Scrolls
 a - a scroll of fog {unknown}
 e - a scroll of enchant armour {unknown}
 f - a scroll of remove curse {unknown}
 i - a scroll of enchant weapon {unknown}
 j - a scroll of noise {unknown}
 k - a scroll of amnesia {unknown}
Potions
 d - 2 potions of heal wounds {unknown}
 g - a potion of haste {unknown}
 h - 2 potions of resistance {unknown}


   Skills:
 - Level 2.4 Dodging
 - Level 2.4 Stealth
 - Level 4.0 Spellcasting
 + Level 2.1 Conjurations
 + Level 2.8 Transmutations
 - Level 3.2 Earth Magic


You had 7 spell levels left.
You knew the following spells:

 Your Spells              Type           Power        Failure   Level
a - Sandblast             Erth           36%          3%          1
b - Stone Arrow           Conj/Erth      30%          12%         3

Your spell library contained the following spells:

 Spells                   Type           Power        Failure   Level
 Passwall                 Tmut/Erth      14%          5%          2
 Petrify                  Tmut/Erth      17%          34%         4
 Lee's Rapid Deconstruct  Erth           9%           65%         5


Dungeon Overview and Level Annotations

Branches:
Dungeon (1/15)

Altars:


Message History

The gnoll closely misses you.
Casting: Sandblast (safe; 3% risk of failure)
Confirm with . or Enter, or press ? or * to list all spells.
Aiming: Sandblast (safe; 3% risk of failure)
Press: ? - help, Shift-Dir - straight line, f/p - gnoll
Aim: a gnoll, wielding a +1 spear of flaming (heavily wounded, 18% to evade)
The blast of sand hits the gnoll!
You kill the gnoll!
b - 46 stones You have reached level 4!
You feel clever.
Casting: Sandblast (safe; 3% risk of failure)
Confirm with . or Enter, or press ? or * to list all spells.
Aiming: Sandblast (safe; 3% risk of failure)
Press: ? - help, Shift-Dir - straight line, f - leopard gecko
Aim: a leopard gecko (31% to evade)
The blast of sand misses the leopard gecko.
b - 45 stones The leopard gecko bites you.
You die...

#.# #.#
### #.#
#.. #.#
#.# #.#
#.#
#.####
#.#
#.....
#l#
###### #
#@#
#########
# #.#
#........
# #)#
#.#######
# #.# #.#
# #.# #.#
# #.# #.#
#####.##
#.# #.#
.......#
#.# #.#
.####..
#######.#
#.#


You could see a leopard gecko.

Vanquished Creatures
  An adder (D:2)
  3 gnolls (D:2)
  A worm (D:2)
  2 leopard geckos
  A giant cockroach (D:2)
  4 goblins
  A hobgoblin (D:1)
  3 kobolds
  A ball python (D:2)
  3 bats
  4 frilled lizards
  6 rats
30 creatures vanquished.

Notes
Turn   | Place    | Note
-------+----------+-------------------------------------------
     0 | D:1      | sahdkjhfkaj the Deep Elf Earth Elementalist began the quest
                  | for the Orb.
     0 | D:1      | Reached XP level 1. HP: 10/10 MP: 6/6
   667 | D:1      | Reached XP level 2. HP: 15/15 MP: 6/8
   876 | D:1      | You fall into a shaft and drop 1 floor!
   931 | D:2      | Reached skill level 4 in Spellcasting
  1087 | D:2      | Reached XP level 3. HP: 16/19 MP: 6/10
  1279 | D:2      | Learned a level 3 spell: Stone Arrow
  1357 | D:2      | Reached skill level 1 in Conjurations
  1868 | D:2      | Reached XP level 4. HP: 2/24 MP: 2/12
  1868 | D:2      | Slain by a leopard gecko

Illustrated notes

Levels and vault maps discovered:
D:1:      zaba_arrival_water, layout_loops_ring
D:2:      layout_loops_ring, minmay_misc_feat_doors

Skill      XL: |  1  2  3 |
---------------+----------+-----
Transmutations | 2 |  2.8
Spellcasting   | 4 |  4.0
Conjurations   | 2 |  2.1
Dodging        | |  2.4
Stealth        | |  2.4
Earth Magic    | |  3.2

Action                   |  1- 3 |  4- 6 || total
-------------------------+-------+-------++-------
Melee: Unarmed           |    48 |       ||    48
 Cast: Sandblast         |    28 |     1 ||    29
       Stone Arrow       |    11 |       ||    11
 Stab: Sleeping          |     2 |       ||     2
Armor: Robe              |     4 |       ||     4
Dodge: Dodged            |    41 |       ||    41
